 Dungeon Crawl Stone Soup version 0.31.0-11-ge490571c62 (webtiles) character file.

Game seed: 12088752134879554495

680 Aviak the Chiller (level 7, -3/52 HPs)
             Began as a Demonspawn Earth Elementalist on Jan 26, 2024.
             Slain by a hornet (7 damage)
             ... on level 5 of the Dungeon.
             The game lasted 00:11:20 (4579 turns).

Aviak the Chiller (Demonspawn Earth Elementalist)   Turns: 4579, Time: 00:11:20

Health: -3/52      AC:  2    Str:  8    XL:     7   Next: 34%
Magic:  9/11       EV: 18    Int: 17    God:
Gold:   183        SH:  0    Dex: 14    Spells: 7/12 levels left

rFire   . . .        v - +2 dagger (freeze)
rCold   . . .        (no shield)
rNeg    . . .        a - +0 robe
rPois   +            (no helmet)
rElec   .            (no cloak)
rCorr   +            (no gloves)
SInv    .            (no boots)
Will    .....        (no amulet)
Stlth   ++           r - ring of resist corrosion
HPRegen 0.28/turn    P - ring of poison resistance
MPRegen 0.12/turn

%: no passive effects
@: mighty, agile, slowed, very slow
A: powered by pain 2, demonic magic 1, demonic touch 1
a: no special abilities


You were on level 5 of the Dungeon.
You visited 1 branch of the dungeon, and saw 5 of its levels.
You also visited: Sewer.

You collected 258 gold pieces.
You spent 75 gold pieces at shops.

Inventory:

Hand Weapons
 v - a +2 dagger of freezing (weapon)
Armour
 a - a +0 robe (worn)
Jewellery
 r - a ring of resist corrosion (left hand)
 P - a ring of poison resistance (right hand)
Talismans
 j - a beast talisman
Wands
 k - a wand of roots (13)
 q - a wand of paralysis (13)
 z - a wand of flame (29)
Scrolls
 d - a scroll of acquirement {unknown}
 g - a scroll of vulnerability {unknown}
 l - 3 scrolls of silence {!r}
 m - a scroll of enchant armour
 o - 2 scrolls of enchant weapon {unknown}
 p - 3 scrolls of amnesia
 s - a scroll of fear {unknown}
 t - a scroll of teleportation
 x - 2 scrolls of blinking
 y - a scroll of revelation {unknown}
Potions
 b - 2 potions of magic
 c - 3 potions of curing
 e - a potion of degeneration {!q!q}
 f - a potion of mutation {unknown}
 h - a potion of cancellation {unknown}
 i - a potion of attraction {unknown}
 n - a potion of haste {unknown}
 u - a potion of lignification {unknown}
 w - 2 potions of berserk rage {unknown}


   Skills:
 + Level 3.1 Fighting
 - Level 4.0 Dodging
 - Level 1.7 Stealth
 - Level 3.0 Spellcasting
 - Level 2.0 Conjurations
 + Level 4.3 Ice Magic
 - Level 3.0 Earth Magic


You had 7 spell levels left.
You knew the following spells:

 Your Spells              Type           Power      Damage    Failure   Level
a - Sandblast             Erth           24%        2d8       4%          1
b - Freeze                Ice            68%        1d8       3%          1
c - Frozen Ramparts       Ice            34%        1d6       9%          3

Your spell library contained the following spells:

 Spells                   Type           Power      Damage    Failure   Level
 Hailstorm                Conj/Ice       13%        3d6       14%         3
 Passwall                 Erth           12%        N/A       16%         3
 Slow                     Hex            8%         N/A       17%         1
 Stone Arrow              Conj/Erth      22%        3d8       19%         3
 Confusing Touch          Hex            2%         N/A       45%         3
 Sigil of Binding         Hex            2%         N/A       45%         3
 Vampiric Draining        Necr           2%         2d6       45%         3
 Brom's Barrelling Bould  Conj/Erth      11%        2d3       52%         4
 Petrify                  Alch/Erth      7%         N/A       67%         4


Dungeon Overview and Level Annotations

Branches:
Dungeon (5/15)              Sewer (visited)
 Temple: D:4-7

Altars:
Vehumet

Shops:
D:1 !   D:3 *

Annotations:
D:1 1 transporter


Innate Abilities, Weirdness & Mutations

You sometimes gain power by taking damage.
Spells you cast may paralyse adjacent enemies.
Your touch may inflict minor irresistible damage on your foes.


Message History

Found 8 stones.
Found a stone staircase leading down.
b - 2 potions of magic (gained 1)
Found a stone staircase leading down.
P - a ring of poison resistance
P - a ring of poison resistance (right hand)
A hornet comes into view.
The blast of sand hits the hornet but does no damage.
Malevolent energies surge around you. The hornet barely misses you.
The blast of sand hits the hornet.
The hornet is lightly wounded.
Malevolent energies surge around you. The hornet stings you.
You suddenly lose the ability to move!
The hornet stings you.
You feel yourself slow down. The hornet stings you!
You feel as though you will be slow longer.
The hornet stings you.
You can move again.
Unknown command.
The blast of sand hits the hornet.
The hornet is moderately wounded.
Malevolent energies surge around you. The hornet barely misses you.
The hornet stings you!
You are poisoned.
The hornet stings you!
* * * LOW HITPOINT WARNING * * *
You focus on the pain.
You feel agile all of a sudden.
Unknown command.
You feel better.
You feel yourself speed up. The hornet stings you!
* * * LOW HITPOINT WARNING * * *
You focus on the pain.
You feel very mighty all of a sudden.
You feel yourself slow down. The hornet completely misses you.
You feel better. The hornet stings you!
* * * LOW HITPOINT WARNING * * *
The hornet stings you!
You die...

............# #...
............# #...
............# ####
..>.#.......# ### ###
##......# #.. ##.#####
#.. # #..##### #...
####.######......###...
#....y@.......P......~P
#.##..~...~.~≈P...~~.P≈
#..~.P~P~~~≈≈≈~~~~≈P≈
#...~~P~≈≈≈≈≈≈≈~~~≈≈≈≈≈
#...~~≈~≈≈≈≈≈≈≈~~~≈~~PP~
#.~.PP~≈≈≈≈≈~~P~~~..~.
...~≈≈≈≈≈~P~~.P.~.....
.~.≈≈≈P≈~≈...........


You could see a hornet.

Vanquished Creatures
  Grinder (D:3)
  An ogre (D:4)
  A bullfrog (Sewer)
  2 bombardier beetles
  Ijyb (D:3)
  Natasha (D:4)
  5 adders
  16 dart slugs
  4 ribbon worms
  3 orcs
  21 endoplasms
  14 giant cockroaches
  7 goblins
  6 hobgoblins
  5 jackals
  7 kobolds
  4 quokkas
  14 ball pythons
  4 bats
  7 frilled lizards
  6 rats
130 creatures vanquished.

Vanquished Creatures (others)
  A ball python (D:4)
1 creature vanquished.

Grand Total: 131 creatures vanquished

Notes
Turn   | Place    | Note
-------+----------+-------------------------------------------
     0 | D:1      | Aviak the Demonspawn Earth Elementalist began the quest for
                  | the Orb.
     0 | D:1      | Reached XP level 1. HP: 13/13 MP: 3/3
   226 | D:1      | Gained mutation: You sometimes gain a little power by
                  | taking damage. [demonic ancestry]
   226 | D:1      | Reached XP level 2. HP: 19/19 MP: 3/5
   523 | D:1      | Found Yrys's Distillery.
   578 | D:1      | Bought a potion of curing for 36 gold pieces
   922 | D:2      | Learned a level 1 spell: Freeze
   976 | D:2      | Gained mutation: Your touch may inflict minor irresistible
                  | damage on your foes. [demonic ancestry]
   976 | D:2      | Reached XP level 3. HP: 24/24 MP: 4/6
  1585 | D:2      | Found a faded altar of an unknown god.
  1898 | D:3      | Noticed Grinder
  1905 | D:3      | Paralysed by Grinder for 5 turns
  1914 | D:3      | Killed Grinder
  1915 | D:3      | Gained mutation: You sometimes gain power by taking damage.
                  | [demonic ancestry]
  1915 | D:3      | Reached XP level 4. HP: 20/30 MP: 2/8
  1915 | D:3      | Gained mutation: Spells you cast may paralyse adjacent
                  | enemies. [demonic ancestry]
  1915 | D:3      | Reached XP level 5. HP: 24/35 MP: 2/9
  2006 | D:3      | Noticed Ijyb
  2009 | D:3      | Paralysed by Ijyb for 5 turns
  2017 | D:3      | Killed Ijyb
  2018 | D:3      | Reached XP level 6. HP: 39/41 MP: 8/10
  2398 | D:3      | Found Piulius's General Store.
  2445 | D:3      | Bought a potion of curing for 39 gold pieces
  2991 | D:4      | Found a radiant altar of Vehumet.
  3059 | D:4      | Found a glowing drain.
  3064 | Sewer    | Entered a sewer
  3268 | Sewer    | Reached skill level 1 in Fighting
  3533 | Sewer    | Reached XP level 7. HP: 36/50 MP: 3/11
  3965 | D:4      | Noticed Natasha
  3968 | D:4      | Killed Natasha
  4225 | D:4      | Learned a level 3 spell: Frozen Ramparts
  4539 | D:5      | Entered Level 5 of the Dungeon
  4571 | D:5      | Noticed a hornet
  4575 | D:5      | Paralysed by a hornet for 2 turns
  4579 | D:5      | Slain by a hornet

Illustrated notes

Levels and vault maps discovered:
D:1:      spicycebolla_arrival_risky_transporter, layout_loops_ring,
          serial_shops, nicolae_shop_peninsula
D:2:      layout_rooms, serial_aquarium, aquarium_bridge_square
          [aquarium_subvault_bridge, aquarium_subvault_wall,
          aquarium_subvault_wall, aquarium_subvault_wall],
          aquarium_bridge_square [aquarium_subvault_bridge,
          aquarium_subvault_window, aquarium_subvault_bridge,
          aquarium_subvault_bridge], aquarium_window_3, aquarium_window_1,
          aquarium_window_double, aquarium_view_4, aquarium_view_2d,
          aquarium_balcony_double_1, hellmonk_ecumenical_altar_inner_sanctum
D:3:      layout_loops_corners, serial_shops, shop, st_stairs_6,
          mrwooster_statue_mirror, uniq_grinder, uniq_ijyb
D:4:      layout_loops_corners, fiery_altar_vehumet, gup_sewer_entry_bowl,
          minmay_fractal_squares_gapless_5, uniq_natasha
D:5:      layout_rooms, minmay_temple_entry_grid, chequers_big_river,
          kennysheep_cluttered_room, dk_noncrumbling_2, minmay_fire_ice_demons

Skill      XL: |  1  2  3  4  5  6  7 |
---------------+----------------------+-----
Dodging        | 2 3 4 |  4.0
Earth Magic    | 3 |  3.0
Spellcasting   | 3 |  3.0
Conjurations   | 2 |  2.0
Ice Magic      | 2 3 4 |  4.3
Fighting       | 2 3 |  3.1
Stealth        | |  1.7

Action                     |  1- 3 |  4- 6 |  7- 9 || total
---------------------------+-------+-------+-------++-------
  Melee: Dagger            |    42 |   115 |     8 ||   165
         Touch             |     8 |    15 |     1 ||    24
   Cast: Sandblast         |    43 |    69 |    22 ||   134
  Evoke: Wand              |     1 |       |       ||     1
    Use: Scroll            |       |     5 |       ||     5
         Potion            |       |       |     2 ||     2
   Stab: Paralysed         |       |    17 |     3 ||    20
         Sleeping          |       |     3 |     2 ||     5
 Armour: Robe              |    33 |    47 |    19 ||    99
  Dodge: Dodged            |    54 |    83 |     9 ||   146
